 Dungeon Crawl Stone Soup version 0.27.1-2-g3b301248ec (webtiles) character file.

Game seed: 8880277292244704411

31871 pkoi the Executioner (level 13, -3/107 HPs)
             Began as a Minotaur Gladiator on Sept 22, 2021.
             Was a Priest of Dithmenos.
             Slain by a komodo dragon (15 damage)
             ... on level 2 of the Lair of Beasts.
             The game lasted 00:15:18 (14653 turns).

pkoi the Executioner (Minotaur Gladiator)          Turns: 14653, Time: 00:15:19

Health: -3/107     AC: 19    Str: 23    XL:     13   Next: 28%
Magic:  14/14      EV: 13    Int:  5    God:    Dithmenos [***...]
Gold:   958        SH:  0    Dex: 12    Spells: 12/12 levels left

rFire    . . .     SeeInvis .   a - +1 executioner's axe (vorpal)
rCold    . . .     Faith    .   (shield currently unavailable)
rNeg     + . .     Spirit   .   k - +0 chain mail
rPois    +         Reflect  .   c - +1 hat
rElec    .         Harm     .   I - +2 ratskin cloak {*Rats rPois rN+ Str-1 Int-1 Dex+1}
rCorr    .         Rampage  .   G - +3 pair of gauntlets of War {Slay+5}
Will     .....                  (no boots)
Stlth    ..........             (no amulet)
HPRegen  0.27/turn              N - +4 ring of evasion
MPRegen  0.14/turn              (no ring)

@: wreathed by umbra, studying Throwing
A: horns 2, retaliatory headbutt
a: Renounce Religion, Shadow Step


You were on level 2 of the Lair of Beasts.
You worshipped Dithmenos.
Dithmenos was most pleased with you.
You visited 3 branches of the dungeon, and saw 13 of its levels.
You also visited: Sewer.

You collected 958 gold pieces.

Inventory:

Hand Weapons
 a - a +1 vorpal executioner's axe (weapon)
 b - a +1 war axe of flaming
Missiles
 d - 3 throwing nets
 g - 29 boomerangs
 j - 5 curare-tipped darts
 l - 9 javelins
 q - 7 atropa-tipped darts
 D - 50 poisoned darts (quivered)
Armour
 c - a +1 hat (worn)
 k - a +0 chain mail (worn)
 p - a +0 leather armour
 G - the +3 pair of gauntlets of War (worn) {Slay+5}
   (You found it on level 7 of the Dungeon)

   Slay:      It affects your accuracy & damage with ranged weapons and melee
   (+5).
 I - the +2 ratskin cloak (worn) {*Rats rPois rN+ Str-1 Int-1 Dex+1}
   (You found it on level 7 of the Dungeon)

   When the wearer is hurt, rats may emerge from it to assist them.
   Str:       It affects your strength (-1).
   Int:       It affects your intelligence (-1).
   Dex:       It affects your dexterity (+1).
   rPois:     It protects you from poison.
   rN:        It protects you from negative energy.
Jewellery
 C - a ring of ice
 H - the ring of Wuush {Fly rPois rCorr Int-5 Dex+6}
   (You found it on level 7 of the Dungeon)

   [ring of poison resistance]

   Int:       It affects your intelligence (-5).
   Dex:       It affects your dexterity (+6).
   rPois:     It protects you from poison.
   Fly:       It grants you flight.
   rCorr:     It protects you from acid and corrosion.
 N - a +4 ring of evasion (left hand)
 O - a +4 ring of protection
Wands
 r - a wand of flame (52)
 t - a wand of charming (5)
 E - a wand of iceblast (8)
 L - a wand of mindburst (26)
Scrolls
 e - 5 scrolls of amnesia
 i - 3 scrolls of immolation
 v - 7 scrolls of enchant weapon
 x - 2 scrolls of teleportation
 y - a scroll of fog
 A - a scroll of enchant armour
 F - a scroll of magic mapping
Potions
 f - 8 potions of curing
 h - 4 potions of invisibility
 m - a potion of magic
 n - 4 potions of heal wounds {unknown}
 o - a potion of resistance
 s - 2 potions of might {unknown}
 u - 3 potions of haste
 w - 3 potions of brilliance {unknown}
 z - 4 potions of mutation {unknown}
 B - a potion of attraction {unknown}
 J - a potion of flight
 K - 2 potions of ambrosia {unknown}
 M - 3 potions of lignification {unknown}


   Skills:
 - Level 8.0 Fighting
 + Level 21.2 Axes
 + Level 5.3 Throwing
 - Level 7.5 Armour
 - Level 3.2 Dodging
 + Level 3.2 Invocations
 + Level 2.9 Evocations


You had 12 spell levels left.
You didn't know any spells.
Your spell library contained the following spells:

 Spells                   Type           Power      Damage    Failure   Level
 Sandblast                Erth           0%         2d4       98%         1
 Shock                    Conj/Air       0%         1d3       98%         1
 Corpse Rot               Necr/Air       N/A        N/A       99%         2
 Passwall                 Tmut/Erth      0%         N/A       99%         2
 Confusing Touch          Hex            0%         N/A       100%        3
 Gell's Gravitas          Tloc           0%         N/A       100%        3
 Lesser Beckoning         Tloc           0%         N/A       100%        3
 Portal Projectile        Hex/Tloc       0%         N/A       100%        3
 Stone Arrow              Conj/Erth      0%         3d7       100%        3
 Summon Guardian Golem    Hex/Summ       0%         N/A       100%        3
 Swiftness                Air            0%         N/A       100%        3
 Teleport Other           Tloc           0%         N/A       100%        3
 Blade Hands              Tmut           0%         N/A       100%        5
 Bolt of Magma            Conj/Fire/Erth 0%         4d4       100%        5
 Excruciating Wounds      Necr           0%         N/A       100%        5
 Summon Forest            Summ/Tloc      0%         N/A       100%        5
 Summon Mana Viper        Hex/Summ       0%         N/A       100%        5
 Invisibility             Hex            0%         N/A       100%        6
 Iron Shot                Conj/Erth      0%         9d1       100%        6
 Shadow Creatures         Summ           N/A        N/A       100%        6
 Discord                  Hex            0%         N/A       100%        8
 Shatter                  Erth           0%         3d5*      100%        9


Dungeon Overview and Level Annotations

Branches:
Dungeon (10/15)            Temple (1/1) D:6            Lair (2/6) D:10
  Sewer (visited)
  Swamp: Lair:2-4    Shoals: Lair:2-4     Snake: Lair:2-4    Spider: Lair:2-4
    Orc: D:9-12

Altars:
Ashenzari
Cheibriados
Dithmenos
Elyvilon
Fedhas
Gozag
Hepliaklqana
Kikubaaqudgha
Makhleb
Nemelex Xobeh
Okawaru
Qazlal
Ru
Sif Muna
Trog
Uskayaw
Vehumet
Wu Jian
Xom
Yredelemnul
Zin
The Shining One


Innate Abilities, Weirdness & Mutations

You have a pair of horns on your head.
You reflexively headbutt those who attack you in melee.


Message History

The nine-headed hydra misses you. The nine-headed hydra bites you.
* * * LOW HITPOINT WARNING * * *
The nine-headed hydra misses you.
The nine-headed hydra bites you but does no damage.
The nine-headed hydra bites you.
* * * LOW HITPOINT WARNING * * *
The nine-headed hydra bites you.
* * * LOW HITPOINT WARNING * * *
Unknown command.
You hack one of the nine-headed hydra's heads off!
The eight-headed hydra grows two more!
You slash the ten-headed hydra! You headbutt the ten-headed hydra!
The ten-headed hydra is severely wounded.
The ten-headed hydra bites you!
* * * LOW HITPOINT WARNING * * *
The ten-headed hydra bites you but does no damage. x2
The ten-headed hydra bites you.
* * * LOW HITPOINT WARNING * * *
The ten-headed hydra closely misses you.
The ten-headed hydra bites you but does no damage. x2
The ten-headed hydra bites you.
* * * LOW HITPOINT WARNING * * *
The ten-headed hydra bites you but does no damage. x2
You slice one of the ten-headed hydra's heads off!
The nine-headed hydra grows two more!
You slice the 11-headed hydra!!
You kill the 11-headed hydra!
Dithmenos accepts your kill.
Unknown command.
Found a potion of invisibility.
Unknown command.
You barely miss the komodo dragon. You headbutt the komodo dragon.
The komodo dragon is lightly wounded.
The komodo dragon bites you but does no damage.
You barely miss the komodo dragon.
The komodo dragon is lightly wounded.
The komodo dragon closely misses you.
You slash the komodo dragon! You headbutt the komodo dragon!
The komodo dragon is severely wounded.
The komodo dragon bites you!
You die... ..# ..# ⌠.. ..
PP#

...#.#. ### ##
..#.#.....#.##.##.###
..##... ..$........!#
...##.+###.......$..# .
####.....##....#$...#..♣
.##..#....##.⌠.#......P.
†.#†............@l.#
...)..⌠......<.⌠#.##
..#.............#.#
.#..##...$##.⌠.##..
##.......####### .#!
...#..+### ..## ..##.#..
.. ###.#... .# #. (...


You could see a komodo dragon.

Vanquished Creatures
  4 hydras
  Fannar (Lair:2)
  A boulder beetle (D:7)
  A centaur warrior (D:7)
  2 two-headed ogres (D:10)
  Urug (Lair:2)
  Sonja (Lair:1)
  Maurice (D:9)
  A black mamba (Lair:2)
  A cane toad (Lair:1)
  4 komodo dragons
  A troll (D:9)
  A hornet (D:9)
  Sigmund (D:3)
  A vampire (D:7)
  Eustachio (D:5)
  25 yaks
  A basilisk (D:10)
  6 wyverns
  2 steam dragons
  2 vampire mosquitoes (D:6)
  2 acid dragons
  12 water moccasins
  4 orc warriors
  A black bear (D:8)
  5 sky beasts
  3 ice beasts
  3 necrophages (D:8)
  3 ogres
  4 centaurs
  A phantom (D:4)
  4 kobold brigands
  Blork the orc (D:6)
  A wyvern zombie (D:8)
  8 bullfrogs
  A gnoll sergeant (D:8)
  5 scorpions
  A water moccasin skeleton (D:4)
  3 killer bees (D:9)
  3 electric eels
  8 centaur zombies
  5 bullfrog zombies
  A centaur skeleton (D:7)
  3 gnoll shamans
  A jelly (D:5)
  3 orc priests
  6 hounds
  3 iguanas
  Terence (D:3)
  9 orc wizards
  3 killer bee zombies
  A mummy (D:7)
  2 howler monkey zombies
  Robin (D:3)
  16 gnolls
  A howler monkey skeleton (D:4)
  6 river rats (Sewer)
  9 adders
  A shadow imp (D:7)
  3 white imps
  2 adder skeletons
  A worm (D:6)
  A dart slug (D:5)
  18 orcs
  12 endoplasms
  5 giant cockroaches
  9 goblins
  11 hobgoblins
  4 jackals (D:3)
  4 quokkas
  7 ball pythons
  12 bats
  5 frilled lizards
  25 kobolds
  2 kobold zombies (D:7)
  2 orc zombies (D:7)
  30 rats
  A bush (D:8)
  A butterfly (D:6)
359 creatures vanquished.

Vanquished Creatures (others)
  A bush (D:8)
  4 fungi
  39 plants
44 creatures vanquished.

Grand Total: 403 creatures vanquished

Notes
Turn   | Place    | Note
-------+----------+-------------------------------------------
     0 | D:1      | pkoi the Minotaur Gladiator began the quest for the Orb.
     0 | D:1      | Reached XP level 1. HP: 18/18 MP: 0/0
    67 | D:1      | Reached skill level 4 in Axes
   106 | D:1      | Reached XP level 2. HP: 21/25 MP: 1/1
   283 | D:1      | You fall into a shaft and drop 1 floor!
   783 | D:1      | Reached skill level 5 in Axes
  1082 | D:1      | Reached XP level 3. HP: 29/30 MP: 2/2
  1202 | D:2      | Found a faded altar of an unknown god.
  1804 | D:3      | Noticed Terence
  1814 | D:3      | HP: 1/30 [Terence (3)]
  1815 | D:3      | Killed Terence
  1816 | D:3      | Reached skill level 6 in Axes
  1816 | D:3      | Reached XP level 4. HP: 1/37 MP: 3/3
  2116 | D:3      | Reached skill level 1 in Armour
  2200 | D:3      | Got the Grimoire of Execration
  2490 | D:3      | Reached XP level 5. HP: 41/45 MP: 4/4
  2768 | D:3      | Noticed Robin
  2784 | D:3      | Killed Robin
  2962 | D:3      | Found a blossoming altar of Fedhas.
  2964 | D:3      | Found a shimmering altar of Xom.
  2964 | D:3      | Found an ornate altar of the Wu Jian Council.
  2967 | D:3      | Found a sparkling altar of Nemelex Xobeh.
  2967 | D:3      | Found an ancient bone altar of Kikubaaqudgha.
  2967 | D:3      | Found a sparkling altar of Nemelex Xobeh.
  2968 | D:3      | Noticed Sigmund
  2972 | D:3      | Killed Sigmund
  2973 | D:3      | Reached skill level 7 in Axes
  2973 | D:3      | Reached XP level 6. HP: 52/52 MP: 5/5
  3164 | D:4      | Noticed a water moccasin
  3169 | D:4      | Killed a water moccasin
  3212 | D:4      | Reached skill level 8 in Axes
  3212 | D:4      | Reached XP level 7. HP: 60/60 MP: 6/6
  3459 | D:4      | Reached skill level 5 in Fighting
  3942 | D:4      | Reached skill level 9 in Axes
  4130 | D:5      | Entered Level 5 of the Dungeon
  4265 | D:5      | Reached XP level 8. HP: 55/69 MP: 7/7
  4338 | D:5      | Noticed Eustachio
  4345 | D:5      | Killed Eustachio
  4346 | D:5      | Reached skill level 5 in Armour
  4618 | D:5      | Reached skill level 10 in Axes
  5158 | D:5      | Found a snail-covered altar of Cheibriados.
  5581 | D:6      | Reached XP level 9. HP: 35/79 MP: 8/8
  5689 | D:6      | Found a glowing drain.
  5697 | Sewer    | Entered a sewer
  5818 | Sewer    | Reached skill level 11 in Axes
  6585 | D:6      | Identified a scroll of acquirement
  6585 | D:6      | Acquired a +1 vorpal executioner's axe
  6680 | D:6      | Reached skill level 12 in Axes
  6703 | D:6      | Found a staircase to the Ecumenical Temple.
  6895 | D:6      | HP: 3/80 [ogre (10)]
  7287 | Temple   | Entered the Ecumenical Temple
  7462 | Temple   | Became a worshipper of Dithmenos the Shadowed
  7487 | D:6      | Noticed Blork the orc
  7499 | D:6      | Killed Blork the orc
  7517 | D:6      | Found a shimmering blue altar of Sif Muna.
  7974 | D:6      | Reached skill level 13 in Axes
  8569 | D:7      | Got the Catalogue of Dusty Air
  8886 | D:7      | Reached XP level 10. HP: 88/88 MP: 9/9
  8890 | D:7      | Reached * piety under Dithmenos
  9001 | D:7      | Reached skill level 14 in Axes
  9434 | D:7      | Noticed a centaur warrior
  9434 | D:7      | Found the +2 ratskin cloak {*Rats rPois rN+ Str-1 Int-1
                  | Dex+1}
  9434 | D:7      | Found the +3 pair of gauntlets of War {Slay+5}
  9445 | D:7      | Killed a centaur warrior
  9447 | D:7      | Noticed a boulder beetle
  9466 | D:7      | Killed a boulder beetle
  9467 | D:7      | Reached skill level 15 in Axes
  9467 | D:7      | Identified the ring of Wuush {Fly rPois rCorr Int-5 Dex+6}
 10284 | D:8      | Reached skill level 16 in Axes
 10590 | D:8      | Identified the +11 morningstar "Spiderbane" {chaos, rElec
                  | rC+ Dex+2}
 10985 | D:8      | Reached XP level 11. HP: 74/93 MP: 10/10
 11101 | D:8      | Found a burning altar of Makhleb.
 11344 | D:8      | Found a blossoming altar of Fedhas.
 11461 | D:9      | Noticed Maurice
 11546 | D:9      | Killed Maurice
 11547 | D:9      | Reached skill level 17 in Axes
 11550 | D:9      | Reached ** piety under Dithmenos
 12143 | D:10     | Entered Level 10 of the Dungeon
 12434 | D:10     | Noticed a two-headed ogre
 12435 | D:10     | Found a staircase to the Lair.
 12462 | D:9      | Reached skill level 19 in Axes
 12462 | D:9      | Reached XP level 12. HP: 85/101 MP: 11/11
 12580 | D:10     | Killed a two-headed ogre
 12603 | D:10     | Reached skill level 20 in Axes
 12679 | D:10     | Noticed a two-headed ogre
 12685 | D:10     | Killed a two-headed ogre
 12745 | D:10     | Found a broken altar of Ashenzari.
 12931 | Lair:1   | Entered Level 1 of the Lair of Beasts
 12931 | Lair:1   | Noticed Sonja
 12941 | D:10     | Reached *** piety under Dithmenos
 12950 | Lair:1   | Killed Sonja
 13004 | Lair:1   | Noticed a seven-headed hydra
 13011 | Lair:1   | Killed a four-headed hydra
 13191 | Lair:1   | Acquired a manual of Throwing
 13604 | Lair:1   | Reached skill level 1 in Invocations
 13606 | Lair:1   | Reached skill level 1 in Evocations
 13609 | Lair:1   | Reached skill level 21 in Axes
 13609 | Lair:1   | Reached XP level 13. HP: 93/107 MP: 12/12
 13788 | Lair:2   | Noticed Urug
 13805 | Lair:2   | Killed Urug
 14588 | Lair:2   | Noticed Fannar
 14601 | Lair:2   | Killed Fannar
 14641 | Lair:2   | Reached skill level 5 in Throwing
 14653 | Lair:2   | Slain by a komodo dragon

Illustrated notes

Levels and vault maps discovered:
D:1:      ebering_trefoil_3fold, layout_basic, minmay_indecisive_spiral
D:2:      layout_loops_cross, dreamdust_ecumenical_altar_grove,
          kennysheep_cross_bottleneck, minmay_tree_intersection,
          serial_bayou_ford_a
D:3:      layout_basic, doesnt_xom_only_xom, palyth_stone_intersect, uniq_robin,
          uniq_terence, uniq_sigmund
D:4:      layout_gridville, minmay_misc_feat_pillars
D:5:      layout_basic, kennysheep_slug_shrine, uniq_eustachio
D:6:      layout_basic, tgw_sif, minmay_temple_entry_butterflies,
          cheibrodos_sewer_entry_sluice
D:7:      minmay_the_grid_plus_closed [minmay_the_grid_broken_lines,
          minmay_the_grid_dragon_a, minmay_the_grid_dragon_b,
          minmay_the_grid_fan, minmay_the_grid_prize_diamond_cup],
          layout_cave_pools, minmay_mini_ossuary
D:8:      layout_loops_corners, lightli_temple_of_fire,
          fedhas_altar_decomposition, minmay_fractal_squares_gapless_5
D:9:      layout_rooms, uniq_maurice
D:10:     layout_loops_ring, nicolae_overflow_hidden_temple,
          minmay_lair_entry_grove, kennysheep_cluttered_room
Temple:   regret_index_temple_sphere_string
Lair:1:   layout_hall_layers, cheibrodos_lair_reptile_den,
          infiniplex_staircase_pool, uniq_sonja
Lair:2:   layout_chaotic_city, palyth_hydra_swamp_entry,
          hellmonk_guarded_unrand_vines, grunt_megastairs_1,
          infiniplex_staircase_pool_2, uniq_fannar, uniq_urug

Skill      XL: |  1  2  3  4  5  6  7  8  9 10 11 12 13 |
---------------+----------------------------------------+-----
Axes           | 4 5 6 7 8 9 10 13 16 19 21 | 21.2
Armour         | 1 3 4 6 7 |  7.5
Fighting       | 3 4 5 7 8 |  8.0
Invocations    | 1 3 |  3.2
Evocations     | 1 2 |  2.9
Throwing       | 3 5 |  5.3
Dodging        | |  3.2

Action                   |  1- 3 |  4- 6 |  7- 9 | 10-12 | 13-15 || total
-------------------------+-------+-------+-------+-------+-------++-------
Melee: War axe           |    74 |    67 |   325 |   255 |     5 ||   726
       Headbutt          |    12 |     8 |    45 |    72 |    18 ||   155
       Executioner's axe |       |       |       |    25 |    56 ||    81
Throw: Boomerang         |       |       |     9 |     6 |       ||    15
       Dart              |       |       |       |       |     3 ||     3
  Use: Scroll            |     2 |     4 |     5 |     9 |     1 ||    21
       Potion            |     2 |       |       |     3 |       ||     5
 Stab: Invisible         |       |       |       |     5 |       ||     5
Armor: Leather armour    |    20 |       |       |       |       ||    20
       Chain mail        |       |    45 |   162 |   138 |    42 ||   387
Dodge: Dodged            |    47 |    41 |   161 |   135 |    60 ||   444
